| TOP OF THE 1ST |
|
San Diego (APP) Padres batting - Pitching for Chicago (APP) Cubs : RHP Masato Iwase
|
|
Pitching: RHP Masato Iwase
|
|
|
Batting: RHB Alex Collazo
|
0-0: Ball 1-0: Ball 2-0: Ball 3-0: Base on Balls
|
|
Batting: RHB Adrian Cook
|
0-0: Swinging Strike Passed Ball! Alex Collazo to second 0-1: DOUBLE (Flyball, 8RXD, EV 94.4 MPH) Alex Collazo scores
|
|
Batting: LHB Justin Daley
|
0-0: Ball 1-0: Ball Passed Ball! Adrian Cook to third 2-0: Foul Ball, location: 2F 2-1: SINGLE (Groundball, 34D, EV 100.6 MPH) Adrian Cook scores
|
|
Batting: RHB Eric McMillian
|
0-0: Called Strike 0-1: Ball 1-1: Swinging Strike 1-2: Ball 2-2: Ball 3-2: Fly out, F3 (Line Drive, 3L, EV 66.2 MPH) Lined into DP, U3 (Line Drive, 3L, EV 65.6 MPH)
|
|
Batting: RHB Ken Hahn
|
0-0: Swinging Strike 0-1: Fly out, F8 (Flyball, 89M, EV 78.1 MPH)
|
| Top of the 1st over - 2 runs, 2 hits, 0 errors, 0 left on base; San Diego (APP) 2 - Chicago (APP) 0 |
| BOTTOM OF THE 1ST |
|
Chicago (APP) Cubs batting - Pitching for San Diego (APP) Padres : RHP Russell MacKay
|
|
Pitching: RHP Russell MacKay
|
|
|
Batting: SHB Jim Lloyd
|
0-0: Called Strike 0-1: SOLO HOME RUN (Flyball, 7LD, EV 93.8 MPH) (Inside the Park)
|
|
Batting: RHB Andy Villarreal
|
0-0: Ball 1-0: Called Strike 1-1: Foul Ball, location: 2F 1-2: Ball 2-2: Strikes out swinging, 2-3 out at first.
|
|
Batting: RHB Andy Baumhardt
|
0-0: Foul Ball, location: 2F 0-1: Swinging Strike 0-2: Ball 1-2: Strikes out swinging
|
|
Batting: LHB Jose Mafano
|
0-0: Called Strike 0-1: Ball 1-1: Foul Ball, location: 2F 1-2: Strikes out swinging
|
| Bottom of the 1st over - 1 run, 1 hit, 0 errors, 0 left on base; San Diego (APP) 2 - Chicago (APP) 1 |
| TOP OF THE 2ND |
|
San Diego (APP) Padres batting - Pitching for Chicago (APP) Cubs : RHP Masato Iwase
|
|
Batting: RHB Norinaga Yamakawakamatsu
|
0-0: Ball 1-0: Ball 2-0: Ball 3-0: Base on Balls
|
|
Batting: RHB Brian Klinkner
|
0-0: Grounds into double play, 4-6-3 (Groundball, 4, EV 101.9 MPH)
|
|
Batting: RHB Max Stillo
|
0-0: Ball 1-0: Called Strike 1-1: Foul Ball, location: 2F 1-2: Ball 2-2: Foul Ball, location: 2F 2-2: Strikes out swinging
|
| Top of the 2nd over - 0 runs, 0 hits, 0 errors, 0 left on base; San Diego (APP) 2 - Chicago (APP) 1 |
| BOTTOM OF THE 2ND |
|
Chicago (APP) Cubs batting - Pitching for San Diego (APP) Padres : RHP Russell MacKay
|
|
Batting: RHB Jorge Gonzalez
|
0-0: Called Strike 0-1: Swinging Strike 0-2: Strikes out swinging
|
|
Batting: RHB Lencho Otieno
|
0-0: Foul Ball, location: 2F 0-1: Foul Ball, location: 2F 0-2: Foul Ball, location: 2F 0-2: Strikes out swinging
|
|
Batting: SHB Rob Craft
|
0-0: Ball 1-0: Ball 2-0: Swinging Strike 2-1: Foul Ball, location: 2F 2-2: Strikes out looking
|
| Bottom of the 2nd over - 0 runs, 0 hits, 0 errors, 0 left on base; San Diego (APP) 2 - Chicago (APP) 1 |
| TOP OF THE 3RD |
|
San Diego (APP) Padres batting - Pitching for Chicago (APP) Cubs : RHP Masato Iwase
|
|
Pitching: RHP Luis Solis
|
|
|
Batting: LHB Gary Corrales
|
0-0: Ball 1-0: Ball 2-0: Swinging Strike 2-1: Ball 3-1: Base on Balls
|
|
Batting: RHB Alex Collazo
|
0-0: Called Strike 0-1: Ball Wild Pitch! Gary Corrales to second 1-1: Ball 2-1: Foul Ball, location: 2F 2-2: 2-RUN HOME RUN (Flyball, 7LD, EV 97.5 MPH), Distance : 353 ft
|
|
Batting: RHB Adrian Cook
|
0-0: Ball 1-0: Ball 2-0: Ball 3-0: Base on Balls
|
|
Batting: LHB Justin Daley
|
0-0: Foul Ball, location: 2F 0-1: Ball 1-1: Ball Passed Ball! Adrian Cook to second 2-1: 2-RUN HOME RUN (Flyball, 9LD, EV 97.5 MPH), Distance : 358 ft
|
|
Pitching: RHP Robbie Schoen
|
|
|
Batting: RHB Eric McMillian
|
0-0: Called Strike 0-1: Ball 1-1: Swinging Strike 1-2: Strikes out looking
|
|
Batting: RHB Ken Hahn
|
0-0: Ball 1-0: Ball 2-0: Ball 3-0: Called Strike 3-1: Base on Balls
|
|
Batting: RHB Norinaga Yamakawakamatsu
|
0-0: Called Strike Ken Hahn is caught stealing 2nd base 2-4 0-1: Called Strike 0-2: Strikes out swinging
|
| Top of the 3rd over - 4 runs, 2 hits, 0 errors, 0 left on base; San Diego (APP) 6 - Chicago (APP) 1 |
| BOTTOM OF THE 3RD |
|
Chicago (APP) Cubs batting - Pitching for San Diego (APP) Padres : RHP Russell MacKay
|
|
Batting: LHB Wilhelm Myers
|
0-0: Called Strike 0-1: Called Strike 0-2: Ball 1-2: Ball 2-2: Strikes out swinging
|
|
Batting: LHB Eddie Panagos
|
0-0: Ball 1-0: Ball 2-0: Ball 3-0: Base on Balls
|
|
Batting: SHB Jim Lloyd
|
0-0: Ball 1-0: Called Strike 1-1: Foul Ball, location: 2F 1-2: Ball 2-2: Ball 3-2: Strikes out swinging
|
|
Batting: RHB Andy Villarreal
|
0-0: Called Strike 0-1: Ball 1-1: Foul Ball, location: 2F 1-2: Foul Ball, location: 2F 1-2: Foul Ball, location: 2F 1-2: Foul Ball, location: 2F 1-2: Strikes out looking
|
| Bottom of the 3rd over - 0 runs, 0 hits, 0 errors, 1 left on base; San Diego (APP) 6 - Chicago (APP) 1 |
| TOP OF THE 4TH |
|
San Diego (APP) Padres batting - Pitching for Chicago (APP) Cubs : RHP Robbie Schoen
|
|
Batting: RHB Brian Klinkner
|
0-0: Ball 1-0: Ball 2-0: Swinging Strike 2-1: Foul Ball, location: 2F 2-2: Foul Ball, location: 2F 2-2: Ball 3-2: Strikes out swinging
|
|
Pitching: RHP Mike Reusch
|
|
|
Batting: RHB Max Stillo
|
0-0: Called Strike 0-1: Ball 1-1: Swinging Strike 1-2: Ball 2-2: Ball 3-2: Foul Ball, location: 2F 3-2: SINGLE (Flyball, 8LM, EV 98.8 MPH)
|
|
Batting: LHB Gary Corrales
|
0-0: Foul Ball, location: 2F 0-1: Foul Ball, location: 2F 0-2: Grounds into double play, 4-6-3 (Groundball, 34, EV 89.4 MPH)
|
| Top of the 4th over - 0 runs, 1 hit, 0 errors, 0 left on base; San Diego (APP) 6 - Chicago (APP) 1 |
| BOTTOM OF THE 4TH |
|
Chicago (APP) Cubs batting - Pitching for San Diego (APP) Padres : RHP Russell MacKay
|
|
Batting: RHB Andy Baumhardt
|
0-0: Ball 1-0: Swinging Strike 1-1: Foul Ball, location: 2F 1-2: Ball 2-2: Strikes out looking
|
|
Batting: LHB Jose Mafano
|
0-0: Ball 1-0: Swinging Strike 1-1: Ball 2-1: Foul Ball, location: 2F 2-2: Strikes out swinging
|
|
Batting: RHB Jorge Gonzalez
|
0-0: SINGLE (Groundball, 4D, EV 96.2 MPH)
|
|
Batting: RHB Lencho Otieno
|
0-0: Called Strike 0-1: Ball 1-1: Called Strike Jorge Gonzalez is caught stealing 2nd base 2-4
|
| Bottom of the 4th over - 0 runs, 1 hit, 0 errors, 0 left on base; San Diego (APP) 6 - Chicago (APP) 1 |
| TOP OF THE 5TH |
|
San Diego (APP) Padres batting - Pitching for Chicago (APP) Cubs : RHP Mike Reusch
|
|
Batting: RHB Alex Collazo
|
0-0: SINGLE (Groundball, 56S, EV 63.8 MPH) (infield hit)
|
|
Batting: RHB Adrian Cook
|
0-0: Ball 1-0: Swinging Strike Passed Ball! Alex Collazo to second 1-1: 2-RUN HOME RUN (Flyball, 78XD, EV 105.6 MPH), Distance : 444 ft
|
|
Batting: LHB Justin Daley
|
0-0: Ball 1-0: Foul Ball, location: 2F 1-1: SOLO HOME RUN (Flyball, 89XD, EV 102.5 MPH), Distance : 431 ft
|
|
Batting: RHB Eric McMillian
|
0-0: Ball 1-0: Swinging Strike 1-1: Ball 2-1: SINGLE (Groundball, 6MD, EV 105.6 MPH)
|
|
Pitching: RHP Man-keung Li
|
|
|
Batting: RHB Ken Hahn
|
0-0: Foul Ball, location: 2F 0-1: Swinging Strike 0-2: Ball 1-2: Strikes out swinging
|
|
Batting: RHB Norinaga Yamakawakamatsu
|
0-0: Ball 1-0: Called Strike 1-1: Ball 2-1: Ball Passed Ball! Eric McMillian to second 3-1: Foul Ball, location: 2F 3-2: SINGLE (Flyball, 8RS, EV 98.8 MPH) Eric McMillian to third
|
|
Batting: RHB Brian Klinkner
|
0-0: Ball 1-0: Foul Ball, location: 2F 1-1: Ball 2-1: Foul Ball, location: 2F 2-2: Foul Ball, location: 2F 2-2: 3-RUN HOME RUN (Flyball, 89XD, EV 104.4 MPH), Distance : 439 ft
|
|
Batting: RHB Max Stillo
|
0-0: Called Strike 0-1: Ball 1-1: Foul Ball, location: 2F 1-2: Strikes out swinging
|
|
Pitching: RHP Joshua Vincent
|
|
|
Batting: LHB Gary Corrales
|
0-0: Called Strike 0-1: Fly out, F7 (Line Drive, 7S, EV 88.8 MPH)
|
| Top of the 5th over - 6 runs, 6 hits, 0 errors, 0 left on base; San Diego (APP) 12 - Chicago (APP) 1 |
| BOTTOM OF THE 5TH |
|
Chicago (APP) Cubs batting - Pitching for San Diego (APP) Padres : RHP Russell MacKay
|
|
Batting: RHB Lencho Otieno
|
0-0: Ball 1-0: Foul Ball, location: 2F 1-1: Foul Ball, location: 2F 1-2: Strikes out swinging
|
|
Batting: SHB Rob Craft
|
0-0: Ball 1-0: Called Strike 1-1: Ball 2-1: Swinging Strike 2-2: Ball 3-2: Strikes out swinging
|
|
Batting: LHB Wilhelm Myers
|
0-0: Called Strike 0-1: Swinging Strike 0-2: Strikes out swinging
|
| Bottom of the 5th over - 0 runs, 0 hits, 0 errors, 0 left on base; San Diego (APP) 12 - Chicago (APP) 1 |
| TOP OF THE 6TH |
|
San Diego (APP) Padres batting - Pitching for Chicago (APP) Cubs : RHP Joshua Vincent
|
|
Batting: RHB Alex Collazo
|
0-0: Called Strike 0-1: Called Strike 0-2: Ball 1-2: Fly out, F7 (Flyball, 7D, EV 102.5 MPH)
|
|
Batting: RHB Adrian Cook
|
0-0: Called Strike 0-1: Swinging Strike 0-2: Ball 1-2: Strikes out swinging
|
|
Batting: LHB Justin Daley
|
0-0: Ball 1-0: Ball 2-0: Called Strike 2-1: SOLO HOME RUN (Flyball, 89XD, EV 110.0 MPH), Distance : 439 ft
|
|
Batting: RHB Eric McMillian
|
0-0: SINGLE (Line Drive, 9S, EV 100.6 MPH)
|
|
Batting: RHB Ken Hahn
|
0-0: Called Strike 0-1: Ball 1-1: Ball Wild Pitch! Eric McMillian to second 2-1: Ball Wild Pitch! Eric McMillian to third 3-1: Base on Balls
|
|
Pitching: RHP Bobby Almonte
|
|
|
Batting: RHB Norinaga Yamakawakamatsu
|
0-0: Hit by Pitch Ken Hahn to second
|
|
Batting: RHB Brian Klinkner
|
0-0: Swinging Strike 0-1: Swinging Strike Passed Ball! Eric McMillian scores Ken Hahn to third Norinaga Yamakawakamatsu to second 0-2: Ball Passed Ball! Ken Hahn scores Norinaga Yamakawakamatsu to third 1-2: Ball 2-2: Ground out 6-3 (Groundball, 6, EV 76.2 MPH)
|
| Top of the 6th over - 3 runs, 2 hits, 0 errors, 1 left on base; San Diego (APP) 15 - Chicago (APP) 1 |
| BOTTOM OF THE 6TH |
|
Chicago (APP) Cubs batting - Pitching for San Diego (APP) Padres : RHP Russell MacKay
|
|
Batting: LHB Eddie Panagos
|
0-0: Called Strike 0-1: Called Strike 0-2: Ball 1-2: Strikes out swinging
|
|
Batting: SHB Jim Lloyd
|
0-0: Ball 1-0: Ball 2-0: Foul Ball, location: 2F 2-1: Ball 3-1: Called Strike 3-2: Base on Balls
|
|
Batting: RHB Andy Villarreal
|
0-0: Ball Jim Lloyd steals 2nd base 1-0: Swinging Strike 1-1: Foul Ball, location: 2F 1-2: Foul Ball, location: 2F 1-2: Foul Ball, location: 2F 1-2: Strikes out swinging
|
|
Pitching: RHP Danny Araiza
|
|
|
Batting: RHB Andy Baumhardt
|
0-0: Ground out 5-3 (Groundball, 56, EV 108.1 MPH)
|
| Bottom of the 6th over - 0 runs, 0 hits, 0 errors, 1 left on base; San Diego (APP) 15 - Chicago (APP) 1 |
| TOP OF THE 7TH |
|
San Diego (APP) Padres batting - Pitching for Chicago (APP) Cubs : RHP Bobby Almonte
|
|
Batting: RHB Max Stillo
|
0-0: Ball 1-0: Swinging Strike 1-1: Swinging Strike 1-2: Strikes out swinging, 2-3 out at first.
|
|
Batting: LHB Gary Corrales
|
0-0: Called Strike 0-1: Ball 1-1: Ball 2-1: Ball 3-1: Called Strike 3-2: Foul Ball, location: 2F 3-2: Strikes out swinging, 2-3 out at first.
|
|
Batting: RHB Alex Collazo
|
0-0: Called Strike 0-1: SINGLE (Groundball, 56D, EV 95.6 MPH)
|
|
Batting: RHB Adrian Cook
|
0-0: Ball 1-0: Ball 2-0: Foul Ball, location: 2F 2-1: SINGLE (Groundball, 56S, EV 66.2 MPH) (infield hit) Alex Collazo to second
|
|
Pinch Hitting: RHB Kevin Davis
|
0-0: Ball Wild Pitch! Alex Collazo to third Adrian Cook to second 1-0: Foul Ball, location: 2F 1-1: Ball Passed Ball! Alex Collazo scores Adrian Cook to third 2-1: Fly out, F7 (Line Drive, 7S, EV 93.8 MPH)
|
| Top of the 7th over - 1 run, 2 hits, 0 errors, 1 left on base; San Diego (APP) 16 - Chicago (APP) 1 |
| BOTTOM OF THE 7TH |
|
Chicago (APP) Cubs batting - Pitching for San Diego (APP) Padres : RHP Danny Araiza
|
|
Now at 1B: Kevin Davis
|
|
|
Batting: LHB Jose Mafano
|
0-0: Foul Ball, location: 2F 0-1: Ball 1-1: Called Strike 1-2: Ball 2-2: Strikes out swinging
|
|
Batting: RHB Jorge Gonzalez
|
0-0: Called Strike 0-1: Ball 1-1: Fly out, F3 (Popup, 34, EV 77.5 MPH)
|
|
Batting: RHB Lencho Otieno
|
0-0: Ball 1-0: Ball 2-0: Fly out, F7 (Flyball, 7LM, EV 80.6 MPH)
|
| Bottom of the 7th over - 0 runs, 0 hits, 0 errors, 0 left on base; San Diego (APP) 16 - Chicago (APP) 1 |
| TOP OF THE 8TH |
|
San Diego (APP) Padres batting - Pitching for Chicago (APP) Cubs : RHP Bobby Almonte
|
|
Batting: RHB Eric McMillian
|
0-0: Ball 1-0: Fly out, F8 (Line Drive, 8RM, EV 101.2 MPH)
|
|
Batting: RHB Ken Hahn
|
0-0: Foul Ball, location: 2F 0-1: SOLO HOME RUN (Flyball, 7D, EV 98.8 MPH), Distance : 419 ft
|
|
Batting: RHB Norinaga Yamakawakamatsu
|
0-0: Ball 1-0: Ball 2-0: Ball 3-0: Base on Balls
|
|
Batting: RHB Brian Klinkner
|
0-0: Foul Ball, location: 2F 0-1: Fly out, F8 (Line Drive, 8LD, EV 111.2 MPH)
|
|
Batting: RHB Max Stillo
|
0-0: Called Strike 0-1: Ball 1-1: Ball 2-1: Ball Passed Ball! Norinaga Yamakawakamatsu to second 3-1: Foul Ball, location: 2F 3-2: 2-RUN HOME RUN (Flyball, 7D, EV 99.4 MPH), Distance : 382 ft
|
|
Batting: LHB Gary Corrales
|
0-0: Called Strike 0-1: Ball 1-1: Ball 2-1: Ball 3-1: Base on Balls
|
|
Batting: RHB Alex Collazo
|
0-0: Ball 1-0: 2-RUN HOME RUN (Flyball, 7LD, EV 94.4 MPH), Distance : 352 ft
|
|
Batting: RHB Adrian Cook
|
0-0: Called Strike 0-1: Foul Ball, location: 2F 0-2: Ball 1-2: Ground out 4-3 (Groundball, 4, EV 98.1 MPH)
|
| Top of the 8th over - 5 runs, 3 hits, 0 errors, 0 left on base; San Diego (APP) 21 - Chicago (APP) 1 |
| BOTTOM OF THE 8TH |
|
Chicago (APP) Cubs batting - Pitching for San Diego (APP) Padres : RHP Danny Araiza
|
|
Batting: SHB Rob Craft
|
0-0: Swinging Strike 0-1: Foul Ball, location: 2F 0-2: Foul Ball, location: 2F 0-2: Strikes out swinging
|
|
Batting: LHB Wilhelm Myers
|
0-0: Swinging Strike 0-1: Ball 1-1: Swinging Strike 1-2: Strikes out swinging
|
|
Batting: LHB Eddie Panagos
|
0-0: Called Strike 0-1: Called Strike 0-2: Ball 1-2: Ball 2-2: Strikes out swinging
|
| Bottom of the 8th over - 0 runs, 0 hits, 0 errors, 0 left on base; San Diego (APP) 21 - Chicago (APP) 1 |
| TOP OF THE 9TH |
|
San Diego (APP) Padres batting - Pitching for Chicago (APP) Cubs : RHP Bobby Almonte
|
|
Batting: RHB Kevin Davis
|
0-0: Ball 1-0: Ball 2-0: Ball 3-0: Base on Balls
|
|
Batting: RHB Eric McMillian
|
0-0: DOUBLE (Line Drive, 78D, EV 108.1 MPH) Kevin Davis to third
|
|
Pinch Hitting: RHB Jon Groseclose
|
0-0: Ball 1-0: Fly out, F7 (Line Drive, 78M, EV 104.4 MPH)
|
|
Batting: RHB Norinaga Yamakawakamatsu
|
0-0: SINGLE (Groundball, 56S, EV 63.1 MPH) (infield hit) Kevin Davis scores Eric McMillian to third
|
|
Batting: RHB Brian Klinkner
|
0-0: 3-RUN HOME RUN (Flyball, 7LD, EV 96.2 MPH), Distance : 367 ft
|
|
Batting: RHB Max Stillo
|
0-0: Foul Ball, location: 2F 0-1: Ground out 6-3 (Groundball, 6, EV 89.4 MPH)
|
|
Batting: LHB Gary Corrales
|
0-0: SOLO HOME RUN (Flyball, 7LD, EV 95.6 MPH), Distance : 355 ft
|
|
Batting: RHB Alex Collazo
|
0-0: Ball 1-0: Ball 2-0: Ball 3-0: Base on Balls
|
|
Batting: RHB Adrian Cook
|
0-0: Ball Passed Ball! Alex Collazo to second 1-0: Ball 2-0: Ball 3-0: Called Strike 3-1: Base on Balls
|
|
Batting: RHB Kevin Davis
|
0-0: Swinging Strike Passed Ball! Alex Collazo to third Adrian Cook to second 0-1: Ball 1-1: Swinging Strike Passed Ball! Alex Collazo scores Adrian Cook to third 1-2: Foul Ball, location: 2F 1-2: Ball 2-2: Ball 3-2: Base on Balls
|
|
Batting: RHB Eric McMillian
|
0-0: Ball 1-0: Ball Passed Ball! Adrian Cook scores Kevin Davis to second 2-0: Ball 3-0: Called Strike 3-1: Base on Balls
|
|
Batting: RHB Jon Groseclose
|
0-0: DOUBLE (Line Drive, 9LM, EV 106.2 MPH) Kevin Davis scores Eric McMillian to third Runner from 3rd tries for Home, SAFE, no throw by RF
|
|
Batting: RHB Norinaga Yamakawakamatsu
|
0-0: Ball Passed Ball! Jon Groseclose to third 1-0: Fly out, F4 (Popup, 34, EV 54.4 MPH)
|
| Top of the 9th over - 9 runs, 5 hits, 0 errors, 1 left on base; San Diego (APP) 30 - Chicago (APP) 1 |
| BOTTOM OF THE 9TH |
|
Chicago (APP) Cubs batting - Pitching for San Diego (APP) Padres : RHP Danny Araiza
|
|
Now at C: Kevin Davis
|
|
|
Now at 1B: Jon Groseclose
|
|
|
Batting: SHB Jim Lloyd
|
0-0: Ball 1-0: Swinging Strike 1-1: Ball 2-1: Foul Ball, location: 2F 2-2: Strikes out swinging
|
|
Batting: RHB Andy Villarreal
|
0-0: Ball 1-0: Swinging Strike 1-1: Foul Ball, location: 2F 1-2: SOLO HOME RUN (Flyball, 78XD, EV 106.2 MPH), Distance : 432 ft
|
|
Batting: RHB Andy Baumhardt
|
0-0: Ball 1-0: Ball 2-0: Called Strike 2-1: SINGLE (Groundball, 4D, EV 109.4 MPH)
|
|
Batting: LHB Jose Mafano
|
0-0: Ball 1-0: Swinging Strike 1-1: Ball 2-1: Ball 3-1: Base on Balls Andy Baumhardt to second
|
|
Pitching: RHP Eric Busby
|
|
|
Batting: RHB Jorge Gonzalez
|
0-0: Ball 1-0: Fielders Choice at 2nd, 6-4 (Groundball, 6, EV 84.4 MPH) Andy Baumhardt to third
|
|
Batting: RHB Lencho Otieno
|
0-0: Swinging Strike 0-1: Swinging Strike 0-2: Ball 1-2: Ball 2-2: Fielders Choice at 2nd, 5-4 (Groundball, 5L, EV 79.4 MPH)
|
| Bottom of the 9th over - 1 run, 2 hits, 0 errors, 2 left on base; San Diego (APP) 30 - Chicago (APP) 2 |
|